 Dungeon Crawl Stone Soup version 0.19-a0-867-g949743d (webtiles) character file.

938 matakusis the Ducker (level 7, 0/50 HPs)
             Began as a Demonspawn Gladiator on July 3, 2016.
             Shot with an arrow by a centaur (11 damage)
             ... on level 6 of the Dungeon.
             The game lasted 00:15:11 (4242 turns).

matakusis the Ducker (Demonspawn Gladiator)         Turns: 4242, Time: 00:15:11

Health: 0/50       AC:  6    Str: 15      XL:     7   Next: 87%
Magic:  7/7        EV: 15    Int:  7 (8)  God:
Gold:   210        SH:  0    Dex: 16 (17) Spells: 0 memorised, 6 levels left

rFire  . . .     SeeInvis .     a - +0 long sword
rCold  + + .     Gourm    .     s - +0 robe of the Komodo Dragon {+Blink rPois rF- rN++} (curse)
rNeg   + + .     Faith    .     (no shield)
rPois  +         Spirit   .     (helmet restricted)
rElec  .         Dismiss  .     (no cloak)
rCorr  .         Reflect  .     (no gloves)
SustAt .         Harm     .     (no boots)
MR     .....                    (no amulet)
Stlth  +.........               (no ring)
                                i - ring of protection from cold

@: not resistant to hostile enchantments, very unstealthy
A: horns 1, icy blue scales 3, agile 1, deterioration 1, dopey 1, fire
resistance 1, frail 1, poison resistance, powered by death 1, regeneration 1
a: Evoke Blink


You were on level 6 of the Dungeon.
You were hungry.

You visited 2 branches of the dungeon, and saw 7 of its levels.

You collected 210 gold pieces.

Inventory:

Hand Weapons
 a - a +0 long sword (weapon)
Missiles
 d - 3 throwing nets (quivered)
Armour
 b - a +0 leather armour
 s - the cursed +0 robe of the Komodo Dragon (worn) {+Blink rPois rF- rN++}
   (You found it on level 5 of the Dungeon)

   It makes you vulnerable to fire.
   It protects you from poison.
   It greatly protects you from negative energy.
   It lets you blink.
   It has a curse placed upon it.
Jewellery
 i - a ring of protection from cold (left hand)
 j - an uncursed ring of ice
 p - an uncursed amulet of faith
Wands
 t - a wand of teleportation (5/9)
Scrolls
 c - a scroll of enchant armour {unknown}
 g - a scroll of amnesia
 h - a scroll of fear
 r - 2 scrolls of fog
 u - 2 scrolls of identify
 w - 3 scrolls of magic mapping
 x - a scroll of remove curse
 y - a scroll of teleportation
Potions
 e - 2 potions of berserk rage
 n - 4 potions of curing
 q - a potion of heal wounds
 v - a potion of brilliance
 z - a potion of lignification
Comestibles
 f - 4 bread rations
 k - a meat ration
 l - 3 beef jerkies
 o - 7 fruits


   Skills:
 * Level 5.2 Fighting
 + Level 4.2 Long Blades
 - Level 1.7 Throwing
 * Level 6.6 Dodging


You had 6 spell levels left.
You didn't know any spells.

Dungeon Overview and Level Annotations

Branches:
Dungeon (6/15)             Temple (1/1) D:6

Altars:
Ashenzari
Cheibriados
Elyvilon
Fedhas
Gozag
Kikubaaqudgha
Makhleb
Nemelex Xobeh
Okawaru
Pakellas
Qazlal
Ru
Sif Muna
Trog
Uskayaw
Xom
Zin
The Shining One

Shops:
D:5 =


Innate Abilities, Weirdness & Mutations

You are completely covered in icy blue scales. (AC +4, EV -1, rC+)
You regenerate a little health from kills.
You have a pair of small horns on your head.
You are agile. (Dex +2)
Your body sometimes deteriorates upon taking damage.
You are dopey. (Int -2)
Your flesh is heat resistant. (rF+)
You are frail. (-10% HP)
Your system is resistant to poisons. (rPois)
Your natural rate of healing is unusually fast.


Message History

The centaur is lightly wounded.
The centaur shoots an arrow.
The arrow hits you!
* * * LOW HITPOINT WARNING * * *
Your body deteriorates!
You feel clumsy. The centaur misses you.
The centaur shoots an arrow.
The arrow hits you.
* * * LOW HITPOINT WARNING * * *
You hit the centaur.
The centaur is lightly wounded.
The centaur hits you.
* * * LOW HITPOINT WARNING * * *
The centaur shoots an arrow.
The arrow barely misses you. The centaur closely misses you.
Unknown command.
You hit the centaur but do no damage.
The centaur is lightly wounded.
The centaur shoots an arrow.
The arrow hits you.
* * * LOW HITPOINT WARNING * * *
The centaur hits you but does no damage.
The centaur shoots an arrow.
The arrow hits you!
You die...

#.#.############
#.#.##.........##
#.###....'..........#
........##..........# .
####.##.............##..
....##.....(............
##.##...................
#.##..#.................
.##..##.........@..)....
##...##..........cc.....
...#.##.................
##....#.................
.##...#......#.#$#.#....
#.##.)#............>....
#.##[)......#.#.#.#.... .
..##.........(......##########
####.##......#. #........#


You could see 2 centaurs.

Vanquished Creatures
  An ogre (D:5)
  A centaur (D:5)
  A giant frog (D:6)
  2 scorpions
  2 howler monkeys
  A crimson imp (D:3)
  A hound (D:4)
  A jelly (D:5)
  A giant frog skeleton (D:5)
  Terence (D:2)
  Jessica (D:2)
  An orc wizard (D:6)
  Natasha (thrice) (D:4)
  2 worker ants
  A hound skeleton (D:5)
  A howler monkey zombie (D:5)
  A worker ant zombie (D:5)
  Robin (D:3)
  7 adders
  A howler monkey skeleton (D:3)
  2 oozes
  An adder zombie (D:5)
  A worm (D:2)
  A dart slug (D:1)
  2 giant geckos
  8 orcs
  7 bats
  2 giant cockroaches
  15 goblins
  7 hobgoblins
  4 jackals (D:1)
  9 kobolds
  A quokka (D:3)
  4 ball pythons
  2 jackal skeletons (D:4)
  A quokka skeleton (D:5)
  9 rats
  A plant (D:4)
108 creatures vanquished.

Notes
Turn   | Place    | Note
-------+----------+-------------------------------------------
     0 | D:1      | matakusis the Demonspawn Gladiator began the quest for the Orb.
     0 | D:1      | Reached XP level 1. HP: 16/16 MP: 1/1
   256 | D:1      | Reached skill level 3 in Dodging
   303 | D:1      | Gained mutation: You are partially covered in icy blue scales. (AC +1) [demonic ancestry]
   303 | D:1      | Reached XP level 2. HP: 18/22 MP: 2/2
   834 | D:1      | Gained mutation: You are mostly covered in icy blue scales. (AC +3, EV -1) [demonic ancestry]
   834 | D:1      | Reached XP level 3. HP: 27/27 MP: 3/3
  1099 | D:2      | Found a white marble altar of Elyvilon.
  1338 | D:2      | Noticed Jessica
  1341 | D:2      | Noticed Terence
  1350 | D:2      | Killed Jessica
  1350 | D:2      | Reached skill level 4 in Dodging
  1350 | D:2      | Gained mutation: You regenerate a little health from kills. [demonic ancestry]
  1350 | D:2      | Reached XP level 4. HP: 26/34 MP: 4/4
  1365 | D:2      | Killed Terence
  1661 | D:2      | Found a burning altar of Makhleb.
  1695 | D:2      | Found a blossoming altar of Fedhas.
  1898 | D:2      | Gained mutation: Your flesh is heat resistant. (rF+) [potion of mutation]
  1898 | D:2      | Gained mutation: You are completely covered in icy blue scales. (AC +4, EV -1, rC+) [potion of mutation]
  1898 | D:2      | Gained mutation: Your natural rate of healing is unusually fast. [potion of mutation]
  1899 | D:2      | Gained mutation: You are frail. (-10% HP) [potion of mutation]
  1899 | D:2      | Gained mutation: Your system is resistant to poisons. (rPois) [potion of mutation]
  1899 | D:2      | Gained mutation: Your body sometimes deteriorates upon taking damage. [potion of mutation]
  1900 | D:2      | Gained mutation: You are agile. (Dex +2) [potion of mutation]
  1900 | D:2      | Gained mutation: You have a pair of small horns on your head. [potion of mutation]
  1900 | D:2      | Gained mutation: You are dopey. (Int -2) [potion of mutation]
  1933 | D:3      | Noticed Robin
  1941 | D:3      | Killed Robin
  1965 | D:3      | Reached XP level 5. HP: 36/36 MP: 5/5
  2461 | D:4      | Reached skill level 5 in Dodging
  2461 | D:4      | Reached XP level 6. HP: 32/42 MP: 6/6
  2575 | D:4      | Found a shattered altar of Ashenzari.
  2579 | D:4      | Noticed Natasha
  2592 | D:4      | Killed Natasha
  2657 | D:4      | Noticed Natasha
  2847 | D:4      | Killed Natasha
  2854 | D:4      | Noticed Natasha
  2862 | D:4      | Killed Natasha
  2982 | D:5      | Entered Level 5 of the Dungeon
  2985 | D:5      | Found Geonkata's Jewellery Shop.
  3012 | D:5      | Reached XP level 7. HP: 36/49 MP: 7/7
  3056 | D:5      | Found an iron altar of Okawaru.
  3225 | D:5      | Got a heavily jewelled robe
  3236 | D:5      | Identified the cursed +0 robe of the Komodo Dragon {+Blink rPois rF- rN++} (You found it on level 5 of the Dungeon)
  3277 | D:5      | Reached skill level 6 in Dodging
  3322 | D:5      | Found a glowing silver altar of Zin.
  3361 | D:5      | Found a sacrificial altar of Ru.
  3748 | D:6      | Reached skill level 5 in Fighting
  3855 | D:6      | Found a staircase to the Ecumenical Temple.
  3939 | Temple   | Entered the Ecumenical Temple
  4242 | D:6      | Shot with an arrow by a centaur

Vault maps used:
D:1:      sevenhm_arrival_forest_fort_large_1
D:2:      nicolae_overflow_hidden_temple, lemuel_doored_altar, elyvilon_altar_5,
          uniq_terence, uniq_jessica
D:3:      first_bread, uniq_robin
D:4:      serial_bayou, serial_bayou_pond_d, serial_bayou_pond_e,
          serial_bayou_ford_a, serial_bayou_pond_c, serial_bayou_pond_c,
          serial_bayou_pond_b, cheibrodos_ashenzari_chains, uniq_natasha
D:5:      nicolae_ru_sacrificial_ziggurat, lemuel_round_altar, serial_shops,
          shop, minmay_misc_feat_plants, okawaru_trees_1
D:6:      st_stairs_8, minmay_parallelograms, minmay_door_square
Temple:   compressed_dpeg_circular_temple

Skill      XL: |  1  2  3  4  5  6  7 |
---------------+----------------------+-----
Dodging        | 3 4 5 6 |  6.6
Fighting       | 3 4 5 |  5.2
Long Blades    | 3 4 |  4.2
Throwing       | |  1.7

Action                   |  1- 3 |  4- 6 |  7- 9 || total
-------------------------+-------+-------+-------++-------
Melee: Long sword        |   116 |   222 |   117 ||   455
       Headbutt          |       |    34 |    27 ||    61
  Use: Scroll            |       |    10 |       ||    10
       Potion            |       |    10 |       ||    10
 Stab: Sleeping          |       |       |     1 ||     1
  Eat: Chunk             |     1 |     6 |     4 ||    11
Armor: Leather armour    |    39 |    61 |     8 ||   108
       Robe              |       |       |    13 ||    13
Dodge: Dodged            |    61 |   117 |    66 ||   244
